 Dungeon Crawl Stone Soup version 0.29-a0-557-g43b9904bd1 (webtiles) character file.

Game seed: 11408610308677603219

6404 happo123 the Covert (level 10, -4/58 HPs)
             Began as a Vampire Enchanter on June 8, 2022.
             Was a Believer of Wu Jian.
             Slain by an orc warrior
             ... wielding a +2 trident of freezing
              (11 damage)
             ... in a bailey.
             The game lasted 00:36:15 (7291 turns).

happo123 the Covert (Vampire Enchanter)             Turns: 7291, Time: 00:36:16

Health: -4/58      AC:  7    Str:  7    XL:     10   Next: 66%
Magic:  5/17       EV: 16    Int: 24    God:    Wu Jian [**....]
Gold:   770        SH:  0    Dex: 21    Spells: 5/19 levels left

rFire   . . .      SeeInvis +   z - +8 short sword "Culylesh" {venom, +Blink}
rCold   + + .      Faith    .   (no shield)
rNeg    + + +      Spirit   .   b - +0 robe
rPois   ∞          Reflect  .   P - +1 helmet
rElec   .          Harm     .   (no cloak)
rCorr   .          Rampage  .   A - +1 pair of gloves of the Orb {Int+2}
Will    +....                   v - +0 pair of boots
Stlth   +++++++...              H - amulet of magic regeneration
HPRegen 0.00/turn               e - +6 ring of dexterity
MPRegen 0.55/turn               o - ring of flight

@: flying, bloodless, inhibited regen
A: bloodless, fangs 3, see invisible, vampiric 2
a: Bat Form, Revivify, Renounce Religion, Evoke Blink, Wall Jump


You were in a bailey.
You worshipped Wu Jian.
Wu Jian was pleased with you.
You visited 2 branches of the dungeon, and saw 9 of its levels.
You also visited: Bailey.

You collected 770 gold pieces.

Inventory:

Hand Weapons
 a - a +1 dagger
 t - the +6 rapier of Mutilation {vorpal, rN+ Will+ Dex-3}
   (You found it on level 3 of the Dungeon)

   It inflicts extra damage upon your enemies.
   Dex:       It affects your dexterity (-3).
   rN:        It protects you from negative energy.
   Will:      It increases your willpower.
 z - the +8 short sword "Culylesh" (weapon) {venom, +Blink}
   (You found it on level 4 of the Dungeon)

   It poisons the flesh of those it strikes.
   +Blink:    It lets you blink.
 Q - a +0 arbalest
Armour
 b - a +0 robe (worn)
 r - a +0 pair of gloves
 s - a +0 hat
 v - a +0 pair of boots (worn)
 A - the +1 pair of gloves of the Orb (worn) {Int+2}
   (You found it on level 4 of the Dungeon)

   Int:       It affects your intelligence (+2).
 P - a +1 helmet (worn)
Magical Staves
 g - a staff of air
Jewellery
 e - a +6 ring of dexterity (left hand)
 h - a ring of poison resistance
 n - a ring of protection from cold
 o - a ring of flight (right hand)
 x - a ring of wizardry
 H - an amulet of magic regeneration (around neck)
 M - a +6 ring of dexterity
Wands
 q - a wand of acid (26)
Scrolls
 p - a scroll of amnesia {unknown}
 u - 3 scrolls of immolation
 w - 4 scrolls of teleportation
 y - a scroll of noise {unknown}
 B - a scroll of silence {unknown}
 C - a scroll of brand weapon {unknown}
 E - 2 scrolls of vulnerability
 G - 2 scrolls of enchant weapon
 J - 3 scrolls of magic mapping
 K - a scroll of summoning
 O - a scroll of fog
 S - 3 scrolls of fear {unknown}
Potions
 c - 2 potions of invisibility
 d - 7 potions of curing {unknown}
 f - 2 potions of attraction {unknown}
 i - a potion of magic {unknown}
 j - a potion of resistance {unknown}
 k - 3 potions of haste {unknown}
 l - a potion of brilliance {unknown}
 m - 2 potions of might {unknown}
 D - a potion of berserk rage {unknown}
 F - 2 potions of degeneration {unknown}
 I - 2 potions of heal wounds {unknown}
 L - a potion of ambrosia {unknown}
 N - a potion of flight {unknown}
 R - 2 potions of cancellation {unknown}


   Skills:
 + Level 4.5 Fighting
 + Level 5.6 Short Blades
 + Level 6.1 Dodging
 * Level 12.3 Stealth
 + Level 5.1 Spellcasting
 * Level 11.5 Hexes
 + Level 4.7 Ice Magic
 + Level 3.9 Evocations


You had 5 spell levels left.
You knew the following spells:

 Your Spells              Type           Power      Damage    Failure   Level
a - Ensorcelled Hibernat  Hex/Ice        90%        N/A       1%          2
b - Confusing Touch       Hex            57%        N/A       1%          3
c - Tukima's Dance        Hex            57%        N/A       1%          3
d - Dazzling Flash        Conj/Hex       66%        N/A       2%          3
e - Frozen Ramparts       Ice            56%        1d7       3%          3

Your spell library contained the following spells:

 Spells                   Type           Power      Damage    Failure   Level
 Freeze                   Ice            100%       1d11      1%          1
 Gell's Gravitas          Tloc           6%         N/A       26%         3
 Lesser Beckoning         Tloc           6%         N/A       26%         3
 Teleport Other           Tloc           6%         N/A       26%         3
 Hailstorm                Conj/Ice       17%        3d6       32%         4
 Dispersal                Tloc           3%         N/A       100%        6
 Disjunction              Tloc           3%         N/A       100%        8


Dungeon Overview and Level Annotations

Branches:
Dungeon (8/15)             Temple (1/1) D:5          Bailey (1/1)
   Lair: D:8-11

Altars:
Ashenzari
Cheibriados
Dithmenos
Elyvilon
Fedhas
Kikubaaqudgha
Makhleb
Nemelex Xobeh
Okawaru
Qazlal
Sif Muna
Trog
Vehumet
Wu Jian
Xom
Yredelemnul
The Shining One

Shops:
D:1 [


Innate Abilities, Weirdness & Mutations

You do not regenerate when monsters are visible.
You are frail without blood (-20% HP).
You can heal yourself when you bite living creatures.
You are immune to poison.
You have razor-sharp teeth.
You have supernaturally acute eyesight. (SInv)
You are afflicted with vampirism and can become a bat while bloodless.


Message History

Aiming: Tukima's Dance (safe; 1% risk of failure)
Press: ? - help, Shift-Dir - straight line, f - orc knight
Aim: an orc knight, wielding a +0 war axe and wearing a +0 chain mail (chance to affect: 58%)
The orc knight resists with significant effort.
The orc warrior shouts!
The orc knight roars a battlecry!
The orc warrior goes into a battle-frenzy!
Casting: Tukima's Dance (safe; 1% risk of failure)
Confirm with . or Enter, or press ? or * to list all spells.
Aiming: Tukima's Dance (safe; 1% risk of failure)
Press: ? - help, Shift-Dir - straight line, f/p - orc knight
Aim: an orc knight, wielding a +0 war axe and wearing a +0 chain mail (chance to affect: 58%)
The orc knight resists with significant effort.
Casting: Tukima's Dance (safe; 1% risk of failure)
Confirm with . or Enter, or press ? or * to list all spells.
Aiming: Tukima's Dance (safe; 1% risk of failure)
Press: ? - help, Shift-Dir - straight line, f/p - orc knight
Aim: an orc knight, wielding a +0 war axe and wearing a +0 chain mail (chance to affect: 58%)
The orc knight resists with significant effort.
Casting: Tukima's Dance (safe; 1% risk of failure)
Confirm with . or Enter, or press ? or * to list all spells.
Aiming: Tukima's Dance (safe; 1% risk of failure)
Press: ? - help, Shift-Dir - straight line, f/p - orc knight
Aim: an orc knight, wielding a +0 war axe and wearing a +0 chain mail (chance to affect: 58%)
The +0 war axe dances into the air!
Aiming: Ensorcelled Hibernation (safe; 1% risk of failure)
Press: ? - help, Q - select action, (/) - cycle Shift-Dir - straight line, f/p - orc knight
Aim: an orc knight, wearing a +0 chain mail (ally target, chance to affect: 51%)
The orc knight resists with some effort.
The orc warrior hits you from afar with a +2 trident of freezing!
The orc warrior freezes you. The orc knight hits you!
* * * LOW HITPOINT WARNING * * *
The orc knight attacks as you move away!
The orc knight misses you.
Aiming: Ensorcelled Hibernation (safe; 1% risk of failure)
Press: ? - help, Q - select action, (/) - cycle Shift-Dir - straight line, f/p - orc knight
Aim: an orc knight, wearing a +0 chain mail (ally target, chance to affect: 51%)
The orc knight resists with some effort.
The orc warrior hits you from afar with a +2 trident of freezing!
You die...

#......... #......... ###
##........ ###.#+#
##.###.....# ###.....###
#.... ###.###
##.........## ......
###..
#..........8##(..... #)..
#..........8#....... #...
#∩....⌠....@o....... #)..
#..........8#o...... #...
#..........8##...... #)..
##.....))..###......
###.. ###...))###.###....
###.###
###.#)#.....###.###....)#
###.).......###....)...
#..)........#.........
#.).........#.....)...


You could see an orc knight (ally target), an orc warrior (strong) and a
friendly +0 war axe.

Vanquished Creatures
  An orc warlord (Bailey)
  A two-headed ogre (D:7)
  The ghost of croobank the Covert, a novice GnDe (D:6)
  Grinder (D:5)
  2 hornets
  A water moccasin (D:5)
  10 orc warriors
  3 ice beasts
  4 black bears
  2 sky beasts
  2 ogres
  3 centaurs
  A kobold brigand (D:8)
  A necrophage (D:5)
  3 bullfrogs
  5 scorpions
  A wight (D:7)
  2 howler monkeys
  4 quasits (D:6)
  8 hounds
  An orc priest (D:4)
  2 jellies
  2 orc wizards (D:7)
  An iguana (D:4)
  Natasha (thrice) (D:2)
  10 gnolls
  10 adders
  5 white imps
  A dart slug (D:4)
  19 orcs
  3 ball pythons
  2 bats
  2 endoplasms
  17 goblins
  15 hobgoblins
  2 jackals (D:1)
  5 kobolds
  2 quokkas
  2 frilled lizards
160 creatures vanquished.

Vanquished Creatures (collateral kills)
  A gnoll (Bailey)
  An orc (D:7)
  A goblin (Bailey)
3 creatures vanquished.

Grand Total: 163 creatures vanquished

Notes
Turn   | Place    | Note
-------+----------+-------------------------------------------
     0 | D:1      | happo123 the Vampire Enchanter began the quest for the Orb.
     0 | D:1      | Reached XP level 1. HP: 13/13 MP: 3/3
   194 | D:1      | Found Ytadih's Armour Boutique.
   202 | D:1      | Reached XP level 2. HP: 14/19 MP: 5/5
   205 | D:1      | Learned a level 2 spell: Ensorcelled Hibernation
   865 | D:2      | Noticed Natasha
   871 | D:2      | Killed Natasha
   872 | D:2      | Reached skill level 5 in Stealth
   872 | D:2      | Reached skill level 5 in Hexes
   872 | D:2      | Gained mutation: You are afflicted with vampirism and can
                  | become a bat while bloodless. [Vampire growth]
   872 | D:2      | Reached XP level 3. HP: 15/20 MP: 3/6
   876 | D:2      | Learned a level 3 spell: Confusing Touch
  1337 | D:2      | Found an ancient bone altar of Kikubaaqudgha.
  1337 | D:2      | Noticed Natasha
  1345 | D:2      | Killed Natasha
  1346 | D:2      | Reached XP level 4. HP: 23/24 MP: 2/7
  1368 | D:2      | Reached skill level 1 in Fighting
  1771 | D:2      | Noticed Natasha
  1780 | D:2      | Killed Natasha
  1781 | D:2      | Reached skill level 6 in Stealth
  1781 | D:2      | Reached XP level 5. HP: 29/29 MP: 5/8
  1791 | D:2      | Learned a level 3 spell: Tukima's Dance
  1920 | D:3      | Found a shimmering altar of Xom.
  1933 | D:3      | Identified the +6 rapier of Mutilation {vorpal, rN+ Will+
                  | Dex-3}
  2174 | D:3      | Found a broken altar of Ashenzari.
  2233 | D:4      | Noticed a black bear
  2241 | D:4      | Killed a black bear
  2244 | D:4      | Reached XP level 6. HP: 29/34 MP: 0/9
  2255 | D:3      | Reached skill level 1 in Ice Magic
  2602 | D:4      | Reached skill level 7 in Stealth
  2779 | D:4      | Identified the +8 short sword "Culylesh" {venom, +Blink}
  2807 | D:4      | Reached XP level 7. HP: 39/39 MP: 11/11
  2821 | D:4      | Identified the +1 pair of gloves of the Orb {Int+2}
  3376 | D:5      | Entered Level 5 of the Dungeon
  3553 | D:5      | Noticed Grinder
  3563 | D:5      | Killed Grinder
  3572 | D:5      | Reached skill level 8 in Stealth
  3572 | D:5      | Reached skill level 1 in Evocations
  3821 | D:5      | Found a staircase to the Ecumenical Temple.
  3831 | D:5      | Reached XP level 8. HP: 45/45 MP: 9/12
  3837 | Temple   | Entered the Ecumenical Temple
  4011 | Temple   | Became a worshipper of the Wu Jian Council
  4558 | D:6      | Reached skill level 9 in Stealth
  4585 | D:6      | Found a transporter.
  4636 | D:6      | Found a sparkling altar of Nemelex Xobeh.
  4849 | D:6      | Found a stormy altar of Qazlal.
  4853 | D:6      | Found a radiant altar of Vehumet.
  4969 | D:6      | Found a transporter.
  4993 | D:6      | Noticed a hornet
  4995 | D:6      | Killed a hornet
  5015 | D:6      | Reached XP level 9. HP: 50/50 MP: 12/14
  5110 | D:6      | Noticed croobank's ghost (novice GnDe)
  5412 | D:6      | Reached * piety under Wu Jian
  5413 | D:6      | Reached skill level 10 in Stealth
  5421 | D:6      | Killed croobank's ghost
  5422 | D:6      | Reached skill level 5 in Dodging
  5842 | D:7      | Reached skill level 10 in Hexes
  5846 | D:7      | Learned a level 3 spell: Dazzling Flash
  5907 | D:7      | Reached skill level 11 in Stealth
  5951 | D:7      | Noticed a two-headed ogre
  5958 | D:7      | Killed a two-headed ogre
  5959 | D:7      | Reached skill level 5 in Short Blades
  5959 | D:7      | Reached XP level 10. HP: 43/56 MP: 15/17
  6355 | D:7      | Reached ** piety under Wu Jian
  6668 | D:7      | Learned a level 3 spell: Frozen Ramparts
  6832 | D:8      | Found a flagged portal.
  6935 | Bailey   | Entered a bailey
  7218 | Bailey   | Noticed an orc warlord
  7218 | Bailey   | Noticed an orc knight
  7247 | Bailey   | Killed an orc warlord
  7248 | Bailey   | Reached skill level 12 in Stealth
  7248 | Bailey   | Reached skill level 5 in Spellcasting
  7291 | Bailey   | Slain by an orc warrior

Illustrated notes

Levels and vault maps discovered:
D:1:      lemuel_arrival_cross, layout_basic, serial_shops, nicolae_shop_stone
D:2:      wander_river, layout_basic, basic_altar, uniq_natasha
D:3:      layout_rooms, old_standard_altar, mainiacjoe_overflow_cross_hatched
D:4:      layout_basic, tso_oasis_becter
D:5:      layout_basic, minmay_temple_entry_mini_moons, uniq_grinder
D:6:      cheibrodos_barr_body, layout_cave_pods,
          nemelex_xobeh_ov_fountains_minmay, minitemple,
          gammafunk_ghost_stat_death
D:7:      minmay_the_grid_square_5x5_3x3 [minmay_the_grid_square_5x5_checkered,
          minmay_the_grid_square_5x5_six_small,
          minmay_the_grid_square_5x5_moneybag,
          minmay_the_grid_square_5x5_tetrominoes,
          minmay_the_grid_square_5x5_megaprize_hollow,
          minmay_the_grid_square_5x5_misaligned,
          minmay_the_grid_square_5x5_dogpile, minmay_the_grid_square_5x5_six,
          minmay_the_grid_square_5x5_eight], layout_basic
D:8:      layout_basic, nicolae_uskayaw_en_pointe, erik_lair_island,
          enter_bailey_5
Temple:   minmay_temple_curvy_loop
Bailey:   bailey_axe_minmay_hex_keep, bailey

Skill      XL: |  1  2  3  4  5  6  7  8  9 10 |
---------------+-------------------------------+-----
Stealth        | 5 6 7 8 9 11 12 | 12.3
Hexes          | 5 6 7 9 10 11 | 11.5
Fighting       | 1 2 3 4 |  4.5
Short Blades   | 2 3 4 5 |  5.6
Dodging        | 3 4 5 6 |  6.1
Ice Magic      | 1 2 3 4 |  4.7
Spellcasting   | 3 4 5 |  5.1
Evocations     | 1 2 3 |  3.9

Action                   |  1- 3 |  4- 6 |  7- 9 | 10-12 || total
-------------------------+-------+-------+-------+-------++-------
Melee: Dagger            |    37 |    22 |       |       ||    59
       Bite              |     2 |     2 |     7 |     9 ||    20
       Rapier            |       |    24 |       |       ||    24
       Short sword       |       |     2 |    97 |   100 ||   199
       Punch             |       |       |       |     2 ||     2
 Cast: Ensorcelled Hiber |     9 |    12 |    20 |    34 ||    75
       Confusing Touch   |       |       |     5 |     4 ||     9
       Tukima's Dance    |       |       |       |     8 ||     8
       Frozen Ramparts   |       |       |       |     1 ||     1
Invok: Lunge             |       |       |    22 |    15 ||    37
       Whirlwind         |       |       |     1 |    26 ||    27
 Abil: Exsanguinate      |     1 |       |       |       ||     1
  Use: Scroll            |       |       |       |     7 ||     7
       Potion            |       |       |       |     1 ||     1
 Stab: Sleeping          |    14 |    18 |    42 |    24 ||    98
       Confused          |       |       |     6 |     4 ||    10
       Distracted        |       |       |     2 |       ||     2
       Invisible         |       |       |       |     1 ||     1
Armor: Robe              |     2 |     4 |    40 |    15 ||    61
Dodge: Dodged            |    19 |    31 |   113 |    84 ||   247

Table legend: (Time is in decaauts)
 A = Elapsed time spent in this place.
 B = Non-inter-level travel time spent in this place.
 C = Inter-level travel time spent in this place.
 D = Time resting spent in this place.
 E = Time spent auto-exploring this place.
 F = Levels seen in this place.
 G = Mean time per level.
                   A        B        C        D        E       F      G
               +--------+--------+--------+--------+--------+-----+--------+
         Total |   7295 |   6513 |    782 |    364 |   4843 |  10 |  729.5 |
       Dungeon |   6696 |   5948 |    748 |    241 |   4635 |   8 |  837.0 |
        Temple |    247 |    213 |     34 |      0 |    208 |   1 |  247.0 |
        Bailey |    350 |    350 |      0 |    123 |      0 |   1 |  350.0 |
               +--------+--------+--------+--------+--------+-----+--------+

Top non-repeatable levels by time:
     D:7: 1246 daAuts
     D:6: 1145 daAuts
     D:2: 1011 daAuts
     D:4: 975 daAuts
     D:5: 805 daAuts
     D:1: 803 daAuts
     D:3: 608 daAuts
  Bailey: 350 daAuts
  Temple: 247 daAuts
     D:8: 101 daAuts
